 Dungeon Crawl Stone Soup version 0.21-a0-401-g0b6bec4 (webtiles) character file.

188 riteheju the Covert (level 5, 0/25 HPs)
             Began as a Spriggan Assassin on Oct 25, 2017.
             Slain by p0werm0de's ghost (2 damage)
             ... on level 5 of the Dungeon.
             The game lasted 00:11:45 (3654 turns).

riteheju the Covert (Spriggan Assassin)             Turns: 3654, Time: 00:11:46

Health: 0/25       AC:  3    Str: 12    XL:     5   Next: 39%
Magic:  6/6        EV: 18    Int: 13    God:
Gold:   162        SH:  0    Dex: 18    Spells: 4/4 levels left

rFire    . . .     SeeInvis +   a - +3 dagger
rCold    . . .     Gourm    .   (shield restricted)
rNeg     . . .     Faith    .   c - +0 robe
rPois    .         Spirit   .   (helmet restricted)
rElec    .         Reflect  .   l - +0 cloak
rCorr    .         Harm     .   (gloves unavailable)
MR       .....                  (boots unavailable)
Stlth    ++++......             (no amulet)
HPRegen  0.08/turn              (no ring)
MPRegen  0.10/turn              (no ring)

@: mighty, very quick
A: unfitting armour, see invisible, herbivore 3, speed 3, slow metabolism 2
a: no special abilities


You were on level 5 of the Dungeon.
You were full.

You visited 1 branch of the dungeon, and saw 5 of its levels.

You collected 162 gold pieces.

Inventory:

Hand Weapons
 a - a +3 dagger (weapon)
 b - a +0 blowgun
Missiles
 e - 8 poisoned needles
 f - 2 curare-tipped needles
 h - 50 arrows
 k - 40 stones (quivered)
 q - 2 javelins
 r - 19 bolts
Armour
 c - a +0 robe (worn)
 d - a +0 cloak
 l - a +0 cloak (worn)
Scrolls
 i - a scroll of blinking {unknown}
 j - 3 scrolls of identify
 n - a scroll of enchant weapon
 o - a scroll of magic mapping {unknown}
 p - a scroll of enchant armour {unknown}
 s - 4 scrolls of amnesia
 u - a scroll of remove curse {unknown}
Potions
 t - a potion of cancellation
 v - a potion of agility {unknown}
Comestibles
 g - 2 bread rations


   Skills:
 - Level 1.5 Fighting
 + Level 3.5 Short Blades
 - Level 2.0 Throwing
 + Level 3.0 Dodging
 * Level 9.0 Stealth


You had 4 spell levels left.
You didn't know any spells.

Dungeon Overview and Level Annotations

Branches:
Dungeon (5/15)
 Temple: D:4-7

Altars:

Annotations:
D:4 riteheju's ghost, amateur SpAs
D:5 p0werm0de's ghost, amateur BaCK


Innate Abilities, Weirdness & Mutations

You are very small and have problems with some larger weapons.
You are too small for most types of armour.
You have supernaturally acute eyesight. (SInv)
You are a herbivore.
You cover ground extremely quickly.
You need consume almost no food.


Message History

You barely miss the iguana.
The iguana is heavily wounded.
The iguana barely misses you.
You puncture the iguana!
You kill the iguana!
Your Dodging skill increases to level 3!
Your Stealth skill increases to level 9!
You hit p0werm0de's ghost.
P0werm0de's ghost is lightly damaged.
You barely miss p0werm0de's ghost.
P0werm0de's ghost is lightly damaged.
You feel sick.
You are no longer poisoned.
P0werm0de's ghost barely misses you.
You closely miss p0werm0de's ghost.
P0werm0de's ghost is lightly damaged.
P0werm0de's ghost hits you!
* * * LOW HITPOINT WARNING * * *
P0werm0de's ghost burns you.
You die...

##### #...#
#@..# #W..##
#....####
#.......#
#....##....#
#....## ##..
#.....#
#####.###
#!....#


You could see p0werm0de's ghost.

Vanquished Creatures
  A crimson imp (D:3)
  2 iguanas
  2 adders
  4 worms
  2 dart slugs
  7 leopard geckos
  2 ball pythons
  4 giant cockroaches
  4 goblins
  5 hobgoblins
  10 jackals
  3 bats
  4 frilled lizards
  11 kobolds
  5 rats
66 creatures vanquished.

Notes
Turn   | Place    | Note
-------+----------+-------------------------------------------
     0 | D:1      | riteheju the Spriggan Assassin began the quest for the Orb.
     0 | D:1      | Reached XP level 1. HP: 10/10 MP: 2/2
    61 | D:1      | Reached skill level 6 in Stealth
   327 | D:1      | Reached XP level 2. HP: 14/14 MP: 3/3
   845 | D:1      | Reached skill level 7 in Stealth
  1295 | D:2      | Reached XP level 3. HP: 18/18 MP: 4/4
  2209 | D:3      | Reached skill level 8 in Stealth
  2348 | D:2      | Reached XP level 4. HP: 11/22 MP: 5/5
  3523 | D:4      | Reached XP level 5. HP: 25/25 MP: 6/6
  3560 | D:4      | Noticed an ogre
  3561 | D:4      | Noticed riteheju's ghost (amateur SpAs)
  3581 | D:5      | Entered Level 5 of the Dungeon
  3622 | D:5      | Noticed a slave
  3638 | D:5      | Noticed p0werm0de's ghost (amateur BaCK)
  3651 | D:5      | Reached skill level 9 in Stealth
  3654 | D:5      | Slain by p0werm0de's ghost

Vault maps used:
D:1:      scummos_arrival_simple_crosswalls
D:3:      first_bread
D:5:      minmay_temple_entry_glassed_door, uniq_pikel

Skill      XL: |  1  2  3  4  5 |
---------------+----------------+-----
Stealth        | 6 7 8 9 |  9.0
Short Blades   | 3 |  3.5
Dodging        | 2 3 |  3.0
Fighting       | |  1.5
Throwing       | |  2.0

Action                   |  1- 3 |  4- 6 || total
-------------------------+-------+-------++-------
Melee: Dagger            |   137 |   134 ||   271
Throw: Stone             |     8 |     8 ||    16
  Use: Scroll            |     6 |     1 ||     7
       Potion            |       |     3 ||     3
 Stab: Sleeping          |    18 |     8 ||    26
  Eat: Bread ration      |       |     1 ||     1
Armor: Robe              |    13 |    12 ||    25
Dodge: Dodged            |    99 |    97 ||   196

Table legend:
 A = Spawn XP
 B = Non-spawn XP
 C = Spawn XP percentage of total XP
 D = Spawn monster count
 E = Non-spawn monster count
 F = Spawn count percentage of total count
 G = Total turns spent on level
                    A         B        C        D         E        F      G
               +---------+---------+-------+---------+---------+-------+---------
         Total |       0 |     269 |   0.0 |       0 |      66 |   0.0 |  3654
               +---------+---------+-------+---------+---------+-------+---------
           D:1 |       0 |      34 |   0.0 |       0 |      20 |   0.0 |  1049
           D:2 |       0 |      65 |   0.0 |       0 |      22 |   0.0 |  1327
           D:3 |       0 |      91 |   0.0 |       0 |      21 |   0.0 |  1145
           D:4 |       0 |      44 |   0.0 |       0 |       2 |   0.0 |    60
           D:5 |       0 |      35 |   0.0 |       0 |       1 |   0.0 |    73
               +---------+---------+-------+---------+---------+-------+---------
